 Dungeon Crawl Stone Soup version 0.27-a0-1332-g84bddb5ca7 (webtiles) character file.

Game seed: 6576642860710849594

64 Brandom the Sneak (level 3, -2/31 HPs)
             Began as a Demigod Delver on June 26, 2021.
             Slain by a gnoll (8 damage)
             ... on level 2 of the Dungeon.
             The game lasted 00:02:35 (725 turns).

Brandom the Sneak (Demigod Delver)                   Turns: 725, Time: 00:02:35

Health: -2/31      AC:  3    Str: 17    XL:     3   Next: 64%
Magic:  5/5        EV:  9    Int: 12    God:
Gold:   5          SH:  7    Dex: 15    Spells: 2/2 levels left

rFire    . . .     SeeInvis .   a - +0 falchion
rCold    . . .     Faith    .   h - +0 kite shield
rNeg     . . .     Spirit   .   b - +0 leather armour
rPois    .         Reflect  .   (no helmet)
rElec    .         Harm     .   (no cloak)
rCorr    .         Rampage  .   (no gloves)
Will     .....                  (no boots)
Stlth    +++.......             (no amulet)
HPRegen  0.10/turn              (no ring)
MPRegen  0.09/turn              (no ring)

@: no status effects
A: high mp 1, forlorn
a: no special abilities


You were on level 2 of the Dungeon.
You visited 1 branch of the dungeon, and saw 4 of its levels.

You collected 5 gold pieces.

Inventory:

Hand Weapons
 a - a +0 falchion (weapon)
Missiles
 g - 10 poisoned darts (quivered)
 i - 2 datura-tipped darts
Armour
 b - a +0 leather armour (worn)
 h - a +0 kite shield (worn)
   (You found it on level 2 of the Dungeon)
Wands
 u - a wand of paralysis (5)
   (You found it on level 2 of the Dungeon)
 v - a wand of digging (3)
Scrolls
 c - a scroll of fog
 d - a scroll of magic mapping
 e - a scroll of fear
Potions
 f - a potion of haste {@q3}
 j - a potion of curing {unknown}
 k - a potion of heal wounds {unknown}


   Skills:
 * Level 3.3 Fighting
 * Level 2.6 Long Blades
 + Level 1.0 Armour
 + Level 2.2 Dodging
 - Level 4.5 Stealth
 + Level 0.1 Shields


You had 2 spell levels left.
You didn't know any spells.
Your spell library was empty.

Dungeon Overview and Level Annotations

Branches:
Dungeon (5/15)
 Temple: D:4-7


Innate Abilities, Weirdness & Mutations

Your attributes grow dramatically as you level up.
You have an increased reservoir of magic. (+10% MP)
You shall have no god before yourself.


Message History

You miss the bat. The bat hits you. The bat closely misses you.
You hit the bat.
You kill the bat!
No target in view!
Found a stone staircase leading down.
Found a cyan potion.
You now have 5 gold pieces.
j - a fizzy green potion
k - a cyan potion A gnoll is nearby!
Throw: 3 darts (datura)
Aim: a gnoll, wielding a +0 spear (63% to hit, chance to frenzy on hit: 100%)
You throw a datura-tipped dart.
The datura-tipped dart closely misses the gnoll.
Okay, then.
The gnoll hits you with a +0 spear.
You slash the gnoll! The gnoll barely misses you.
You barely miss the gnoll. The gnoll hits you with a +0 spear.
You block the gnoll's attack.
You hit the gnoll. The gnoll hits you with a +0 spear.
You hit the gnoll but do no damage. The gnoll barely misses you.
You riposte.
You hit the gnoll.
You kill the gnoll!
Your Armour skill increases to level 1!
A gnoll is nearby!
Throw: 14 darts (poison)
Aim: a gnoll, wielding a +0 halberd (wandering, hasn't noticed you, 61% to hit)
You throw a poisoned dart.
The poisoned dart barely misses the gnoll.
The gnoll shouts!
Throw: 13 darts (poison)
Aim: a gnoll, wielding a +0 halberd (63% to hit)
You throw a poisoned dart. The poisoned dart hits the gnoll.
Throw: 12 darts (poison)
Aim: a gnoll, wielding a +0 halberd (61% to hit)
You throw a poisoned dart. The poisoned dart hits the gnoll.
The gnoll is poisoned.
Throw: 11 darts (poison)
Aim: a gnoll, wielding a +0 halberd (poisoned, 61% to hit)
You throw a poisoned dart.
The poisoned dart barely misses the gnoll.
The gnoll completely misses you.
You riposte.
You hit the gnoll. You barely miss the gnoll. You block the gnoll's attack.
The gnoll hits you with a +0 halberd!
* * * LOW HITPOINT WARNING * * *
The gnoll shouts!
You hit the gnoll.
The gnoll looks more healthy.
The gnoll hits you with a +0 halberd.
* * * LOW HITPOINT WARNING * * *
You barely miss the gnoll. The gnoll hits you with a +0 halberd!
You die...

#.......#
#......†#
#.....)(#
#.....)(##
#......g.###
#........(.#
#..........#
#........g.#
#.......)@.#
#########..##
#......#
#......#
######......#
#.........>.#
#...........#
#.......#####
#.......#


You could see 2 gnolls.

Vanquished Creatures
  A centaur skeleton (D:5)
  A gnoll (D:2)
  An ufetubus (D:3)
  2 endoplasms (D:2)
  A giant cockroach (D:2)
  A goblin (D:2)
  2 hobgoblins (D:2)
  5 jackals
  A kobold (D:2)
  A quokka (D:3)
  2 bats (D:2)
  A rat (D:2)
19 creatures vanquished.

Notes
Turn   | Place    | Note
-------+----------+-------------------------------------------
     0 | D:5      | Brandom the Demigod Delver began the quest for the Orb.
     0 | D:5      | Reached XP level 1. HP: 18/18 MP: 3/3
    39 | D:5      | Reached XP level 2. HP: 22/26 MP: 4/4
    97 | D:5      | Noticed an ogre
   137 | D:3      | Reached XP level 3. HP: 4/31 MP: 5/5
   715 | D:2      | Reached skill level 1 in Armour
   725 | D:2      | Slain by a gnoll

Illustrated notes

Levels and vault maps discovered:
D:2:      layout_basic, kennysheep_another_room, minmay_vboxes
D:3:      layout_rooms, overflow_temple_1_default,
          chequers_ecumenical_altar_grove
D:4:      layout_rooms, lemuel_doored_altar, minmay_temple_entry_butterflies,
          uniq_crazy_yiuf_cottage, uniq_blork_the_orc, uniq_natasha
D:5:      layout_cave_pools, uniq_eustachio, uniq_pikel

Skill      XL: |  1  2  3 |
---------------+----------+-----
Fighting       | 3 |  3.3
Long Blades    | 2 |  2.6
Dodging        | 2 |  2.2
Armour         | 1 |  1.0
Stealth        | |  4.5
Shields        | |  0.1

Action                   || total
-------------------------++-------
Melee: Falchion          ||    59
Throw: Dart              ||     5
 Stab: Sleeping          ||     3
Armor: Leather armour    ||    32
Dodge: Dodged            ||    62
Block: Kite shield       ||    21
       Rpst.: Falchion   ||     9

Table legend: (Time is in decaauts)
 A = Elapsed time spent in this place.
 B = Non-inter-level travel time spent in this place.
 C = Inter-level travel time spent in this place.
 D = Time resting spent in this place.
 E = Time spent auto-exploring this place.
 F = Levels seen in this place.
 G = Mean time per level.
                   A        B        C        D        E       F      G
               +--------+--------+--------+--------+--------+-----+--------+
         Total |    741 |    741 |      0 |    323 |    177 |   4 |  185.2 |
       Dungeon |    741 |    741 |      0 |    323 |    177 |   4 |  185.2 |
               +--------+--------+--------+--------+--------+-----+--------+

Top non-repeatable levels by time:
     D:3: 376 daAuts
     D:2: 229 daAuts
     D:5: 112 daAuts
     D:4: 22 daAuts
